[Event "SVK Extraliga 2019-20"]
[Site "Slovakia"]
[Date "2019.10.20"]
[Round "2.7"]
[White "Danada, Tomas"]
[Black "Kantorik, Marian"]
[Result "1/2-1/2"]
[ECO "C41"]
[WhiteElo "2266"]
[BlackElo "2165"]
[Annotator "ChessBase"]
[PlyCount "30"]
[EventDate "2019.10.19"]
[EventType "team-tourn"]
[EventCountry "SVK"]
[SourceTitle "playchess.com"]
[Source "ChessBase"]
[SourceQuality "1"]
[WhiteTeam "Prakovce"]
[BlackTeam "Dunajov"]
[TimeControl "40/5400+30:1800+30"]

1. e4 d6 2. d4 Nf6 3. Nc3 e5 4. Nf3 Nbd7 5. Bc4 Be7 6. O-O O-O 7. a4 c6 8. Re1 b6 9. d5 cxd5 10. Nxd5 Nxd5 11. Bxd5 Rb8 12. Qd3 Nf6 13. Bb3 Nd7 14. Bd5 Nf6 15. Bb3 Nd7 1/2-1/2

[Event "SVK Extraliga 2019-20"]
[Site "Slovakia"]
[Date "2019.10.20"]
[Round "2.7"]
[White "Motycakova, Monika"]
[Black "Zvarik, Martin"]
[Result "1-0"]
[ECO "C73"]
[WhiteElo "2126"]
[BlackElo "2314"]
[Annotator "NA"]
[PlyCount "83"]
[EventDate "2019.10.19"]
[EventType "team-tourn"]
[EventCountry "SVK"]
[SourceTitle "playchess.com"]
[Source "ChessBase"]
[SourceQuality "1"]
[WhiteTeam "Liptovska"]
[BlackTeam "Zilina"]
[TimeControl "40/5400+30:1800+30"]

1. e4 e5 2. Nf3 Nc6 3. Bb5 a6 4. Ba4 d6 5. Bxc6+ bxc6 6. d4 Nf6 7. Nc3 exd4 8. Qxd4 Be7 9. e5 Ng4 10. Bf4 dxe5 11. Qxd8+ Bxd8 12. Nxe5 O-O 13. O-O Nxe5 14. Bxe5 Bf5 15. Rfe1 Re8 16. Bf4 Re6 17. Rxe6 Bxe6 18. Rd1 Bf5 19. Rd2 g5 20. Be5 h5 21. Ne2 f6 22. Bc3 Kf7 23. Nd4 Bd7 24. Nb3 Be6 25. Nc5 Bd5 26. b3 Be7 27. Bd4 Re8 28. Kf1 Bd6 29. c4 Be4 30. Nxa6 Bf4 31. Be3 Bxh2 32. Rd7+ Re7 33. Rxe7+ Kxe7 34. Nc5 Bc2 35. g3 f5 36. Bxg5+ Kd6 37. Nb7+ Ke5 38. Kg2 Bxg3 39. fxg3 Bb1 40. a4 Kd4 41. a5 Be4+ 42. Kf2 1-0

[Event "SVK Extraliga 2019-20"]
[Site "Slovakia"]
[Date "2019.10.20"]
[Round "2.7"]
[White "Tropp, Lukas"]
[Black "Meszaros, Michal"]
[Result "1/2-1/2"]
[ECO "B06"]
[WhiteElo "2106"]
[BlackElo "2358"]
[Annotator "NA"]
[PlyCount "108"]
[EventDate "2019.10.19"]
[EventType "team-tourn"]
[EventCountry "SVK"]
[SourceTitle "playchess.com"]
[Source "ChessBase"]
[SourceQuality "1"]
[BlackTeam "Streda"]
[TimeControl "40/5400+30:1800+30"]

1. e4 g6 2. d4 Bg7 3. Nc3 d6 4. f4 a6 5. a4 Nd7 6. Nf3 e6 7. Bc4 Ne7 8. O-O O-O 9. Qe1 d5 10. Ba2 c6 11. e5 (11. a5 $5) 11... b5 12. Ne2 c5 13. Bb1 b4 14. a5 Rb8 15. dxc5 Nxc5 16. Ned4 Qc7 17. Bd2 Qb7 18. Qh4 $15 Ne4 19. Be3 Nf5 20. Nxf5 exf5 21. Ba2 Be6 22. Rfd1 Rfc8 23. Bb3 Bf8 24. Ng5 h6 25. Nxe4 dxe4 26. Bxe6 fxe6 27. Rd2 Qe7 28. Qg3 Kh7 29. Rad1 Rb7 30. Qf2 Qe8 31. Qe2 Qa4 32. Qxa6 Rcc7 33. Qxe6 Qxa5 34. Rd8 Rf7 35. R8d7 Rbxd7 36. Rxd7 Rxd7 37. Qxd7+ Bg7 38. e6 b3 39. Qd2 Qa1+ 40. Qc1 Qa6 41. e7 Qe6 42. cxb3 Qxe7 43. Qc4 Qh4 44. Qe2 Qe7 45. Qd2 Qe6 46. b4 Qc4 47. h3 h5 48. Kh2 Kh6 49. Bc5 Qf1 50. b3 Qd3 51. Qe3 Qb5 52. Qc1 Qd3 53. Qe3 Qf1 54. Qd2 Qd3 1/2-1/2

[Event "SVK Extraliga 2019-20"]
[Site "Slovakia"]
[Date "2019.10.20"]
[Round "2.7"]
[White "Macko, Peter"]
[Black "Wiewiora, Eneasz"]
[Result "1/2-1/2"]
[ECO "B00"]
[WhiteElo "2054"]
[BlackElo "2298"]
[Annotator "NA"]
[PlyCount "70"]
[EventDate "2019.10.19"]
[EventType "team-tourn"]
[EventCountry "SVK"]
[SourceTitle "playchess.com"]
[Source "ChessBase"]
[SourceQuality "1"]
[BlackTeam "Dubnica"]
[TimeControl "40/5400+30:1800+30"]

1. e4 d6 2. Nc3 Nf6 3. f4 g6 4. Nf3 Bg7 5. Bc4 Nxe4 6. Bxf7+ Kxf7 7. Nxe4 Rf8 8. d4 Kg8 9. O-O d5 10. Nc5 b6 11. Nd3 Nc6 12. c3 Bf5 13. Be3 e6 14. Qe2 a5 15. Rad1 Be4 $16 16. Bc1 Qd7 17. Ng5 Bxd3 18. Qxd3 Rae8 19. Rde1 Nd8 20. b3 Nf7 21. Ba3 Nd6 22. Qh3 h6 23. Nxe6 Rf6 24. Bxd6 Qxd6 25. Nxg7 Rxe1 26. Rxe1 Qxf4 27. Qe3 Qxe3+ 28. Rxe3 Kxg7 29. Re7+ Rf7 30. Re5 c6 31. Re6 Rf6 32. Re7+ Rf7 33. Re6 Rf6 34. Re7+ Rf7 35. Re6 Rf6 1/2-1/2

[Event "SVK Extraliga 2019-20"]
[Site "Slovakia"]
[Date "2019.10.20"]
[Round "2.8"]
[White "Farkas, Gabor"]
[Black "Klemanic, Emil"]
[Result "1/2-1/2"]
[ECO "C41"]
[WhiteElo "2355"]
[BlackElo "2108"]
[Annotator "NA"]
[PlyCount "121"]
[EventDate "2019.10.19"]
[EventType "team-tourn"]
[EventCountry "SVK"]
[SourceTitle "playchess.com"]
[Source "ChessBase"]
[SourceQuality "1"]
[WhiteTeam "Streda"]
[TimeControl "40/5400+30:1800+30"]

1. e4 d6 2. d4 Nf6 3. Nc3 e5 4. Nf3 Nbd7 5. Bc4 Be7 6. O-O c6 7. a4 O-O 8. Ba2 b6 9. Re1 a6 10. dxe5 {[%emt 0:01:05] C41: Philidor Defence} (10. Be3 Ng4 11. Bd2 Ngf6 12. dxe5 dxe5 13. Nh4 Bb4 14. Qf3 Nc5 15. Bg5 Ne6 16. Bxe6 fxe6 17. Qg3 Qc7 {1-0 (37) Shirov,A (2712)-Laznicka,V (2676) Poikovsky 2015}) 10... dxe5 11. Nh4 Nc5 12. Nf5 $146 ({Predecessor:} 12. Qf3 a5 13. Nf5 Bxf5 14. Qxf5 Qc7 15. Be3 Rad8 16. Rad1 Rxd1 17. Rxd1 Rd8 {1-0 (71) Fier,A (2572)-Cyborowski,L (2526) Germany 2014}) 12... Bxf5 13. Qxd8 Raxd8 14. exf5 Rfe8 15. Bg5 h6 16. Bh4 Nh5 17. Bxe7 Rxe7 18. b4 Nb7 19. Bc4 Rd2 20. Re2 Rd4 21. Bxa6 Rxb4 22. Bxb7 Rxb7 23. Rxe5 Nf6 24. Rd1 Rc4 25. Re3 Rf4 26. Rd6 Rc7 27. Rf3 Rxf3 28. gxf3 Kf8 29. Rd8+ Ke7 30. Rb8 $11 Nd7 31. Rg8 Kf6 32. Ne4+ Kxf5 33. Rxg7 Ne5 34. Kg2 Ra7 35. Ng3+ Kf6 36. Nh5+ Ke6 37. Rh7 Rxa4 38. Rxh6+ Ng6 39. Kg3 Rc4 40. f4 Rxc2 41. Kg4 Kd5 42. Rh7 Rxf2 43. Kg3 Rf1 44. Rxf7 b5 45. Kg2 Rc1 46. f5 Ne5 47. Re7 Rc2+ 48. Kg3 Rc3+ 49. Kg2 Rc2+ 50. Kg3 Rc3+ 51. Kf4 Rc4+ 52. Kg5 Nf3+ 53. Kg6 Nh4+ 54. Kf6 b4 55. Rd7+ Kc5 56. Rb7 Nxf5 57. Kxf5 Rh4 58. Nf4 Rxh2 59. Nd3+ Kc4 60. Nxb4 Rb2 61. Ke4 1/2-1/2

[Event "SVK Extraliga 2019-20"]
[Site "Slovakia"]
[Date "2019.10.20"]
[Round "2.8"]
[White "Straka, Jozef"]
[Black "Macko, Michal"]
[Result "1/2-1/2"]
[ECO "E21"]
[WhiteElo "2307"]
[BlackElo "2155"]
[Annotator "NA"]
[PlyCount "67"]
[EventDate "2019.10.19"]
[EventType "team-tourn"]
[EventCountry "SVK"]
[SourceTitle "playchess.com"]
[Source "ChessBase"]
[SourceQuality "1"]
[BlackTeam "Liptovska"]
[TimeControl "40/5400+30:1800+30"]

1. d4 Nf6 2. c4 e6 3. Nc3 Bb4 4. Nf3 c5 5. e3 O-O 6. Bd2 {[%emt 0:00:42] E50: Nimzo-Indian: Rubinstein: 4...0-0 5 Nf3} (6. Bd3 b6 7. O-O Bb7 8. Qe2 d5 9. cxd5 cxd4 10. exd4 Bxc3 11. bxc3 Qxd5 12. c4 Qh5 13. Ne5 Qh4 14. f4 Nc6 15. Bb2 Rad8 16. Rad1 Rfe8 17. Bb1 Qh5 18. Qe1 Ng4 19. h3 Ngxe5 20. fxe5 {1-0 (57) Laznicka,V (2662)-Yu,Y (2765) Batumi 2018}) 6... d6 7. Qc2 Nc6 8. Bd3 Qe7 9. a3 Ba5 10. O-O h6 11. Rab1 a6 $146 ({Predecessor:} 11... Re8 12. Rfd1 Rb8 13. dxc5 dxc5 14. Ne4 Bxd2 15. Rxd2 {0-1 (34) Scekic,M (2355)-Nagrocka,E (2165) Kopaonik 1995}) 12. Rfd1 cxd4 13. exd4 Bb6 14. Be3 Ng4 15. b4 Nxe3 16. fxe3 Rd8 17. c5 Bc7 18. cxd6 Bxd6 19. Ne4 Bd7 20. Nxd6 Qxd6 21. Qc5 Be8 $11 22. Qxd6 Rxd6 23. Nd2 Ne7 24. Nc4 Rc6 25. Na5 Rc7 26. Be4 Nd5 27. Bxd5 exd5 28. Rdc1 Rac8 29. Nb3 Bb5 30. Rxc7 Rxc7 31. Rc1 Rxc1+ 32. Nxc1 Bc4 33. Kf2 Kf8 34. Ne2 1/2-1/2

[Event "SVK Extraliga 2019-20"]
[Site "Slovakia"]
[Date "2019.10.20"]
[Round "2.8"]
[White "Bombek, Peter"]
[Black "Striskova, Lucia"]
[Result "1-0"]
[ECO "D78"]
[WhiteElo "2171"]
[BlackElo "1496"]
[Annotator "ChessBase"]
[PlyCount "63"]
[EventDate "2019.10.19"]
[EventType "team-tourn"]
[EventCountry "SVK"]
[SourceTitle "playchess.com"]
[Source "ChessBase"]
[SourceQuality "1"]
[WhiteTeam "Dubnica"]
[TimeControl "40/5400+30:1800+30"]

1. d4 Nf6 2. Nf3 g6 3. g3 Bg7 4. Bg2 O-O 5. O-O d5 6. c4 c6 7. Qb3 e6 8. Bf4 Qb6 9. c5 Qd8 10. Nbd2 Nbd7 11. Bd6 Re8 12. Qd3 Nh5 13. Ne5 Nhf6 14. b4 b6 15. Nxc6 Nxc5 16. bxc5 Qd7 17. Ne5 Qd8 18. Rab1 bxc5 19. Bxc5 Nd7 20. Nxd7 Bxd7 21. e4 Bc6 22. Rfc1 dxe4 23. Bxe4 Bxe4 24. Nxe4 Qd5 25. Nc3 Qd7 26. Qe4 a6 27. Rb7 Qd8 28. Qf4 f6 29. Rcb1 Qa5 30. Rxg7+ Kxg7 31. Rb7+ Kg8 32. Qh6 1-0

[Event "SVK Extraliga 2019-20"]
[Site "Slovakia"]
[Date "2019.10.20"]
[Round "2.8"]
[White "Szucs, Vladimir"]
[Black "Pcola, Jaroslav"]
[Result "1/2-1/2"]
[ECO "A35"]
[WhiteElo "2158"]
[BlackElo "2082"]
[Annotator "ChessBase"]
[PlyCount "73"]
[EventDate "2019.10.19"]
[EventType "team-tourn"]
[EventCountry "SVK"]
[SourceTitle "playchess.com"]
[Source "ChessBase"]
[SourceQuality "1"]
[WhiteTeam "Podhajska"]
[TimeControl "40/5400+30:1800+30"]

1. Nf3 Nf6 2. c4 c5 3. Nc3 Nc6 4. d4 cxd4 5. Nxd4 g6 6. e4 d6 7. Be2 Bg7 8. Be3 O-O 9. O-O Bd7 10. Qd2 Nxd4 11. Bxd4 Bc6 12. f3 Qa5 13. Rab1 Rfc8 14. Rfd1 Qd8 15. b4 b6 16. Rbc1 Qf8 17. Be3 h5 18. Rc2 Kh7 19. Rdc1 Nd7 20. g3 Bb7 21. Nd5 Bc6 22. Bg5 e6 23. Nc3 f5 24. exf5 Qxf5 25. f4 e5 26. Nd5 exf4 27. Bxf4 Ne5 28. Rf1 Qe4 29. Bxe5 Qxe5 30. Bf3 Rf8 31. Qd3 Rae8 32. Kg2 Qd4 33. Qxd4 Bxd4 34. Re2 Rxe2+ 35. Bxe2 Rxf1 36. Kxf1 Bxd5 37. cxd5 1/2-1/2

[Event "SVK Extraliga 2019-20"]
[Site "Slovakia"]
[Date "2019.10.20"]
[Round "2.8"]
[White "Magat, Jozef"]
[Black "Kusiak, Matej"]
[Result "1-0"]
[ECO "C01"]
[WhiteElo "2103"]
[BlackElo "2256"]
[Annotator "NA"]
[PlyCount "111"]
[EventDate "2019.10.19"]
[EventType "team-tourn"]
[EventCountry "SVK"]
[SourceTitle "playchess.com"]
[Source "ChessBase"]
[SourceQuality "1"]
[WhiteTeam "Dunajov"]
[BlackTeam "Prakovce"]
[TimeControl "40/5400+30:1800+30"]

1. d4 e6 2. e4 d5 3. exd5 exd5 4. Bd3 Nc6 5. c3 Bd6 6. Nf3 Nge7 7. Bg5 Bg4 8. Nbd2 {[%emt 0:00:54] C01: French: Exchange Variation} Qd7 9. Qc2 Bf5 10. O-O-O (10. O-O Bxd3 11. Qxd3 O-O 12. Rfe1 Rfe8 13. Bh4 Qf5 14. Qxf5 Nxf5 15. Bg3 f6 {½-½ (52) Salgado Lopez,I (2616)-Vallejo Pons,F (2686) Madrid 2015}) 10... f6 11. Bh4 Bxd3 12. Qxd3 Qf5 13. Qxf5 Nxf5 14. Rde1+ Kd7 $146 ({Predecessor:} 14... Kf7 15. Bg3 Nxg3 16. hxg3 {1-0 (50) Piqueras Mateo,P (1990)-Gonzalez Garcia,M (2075) Spain 1999}) 15. Bg3 a5 16. Bxd6 Nxd6 17. h4 b5 18. Nb3 Ne4 {[%emt 0:00:40] [#]} (18... Nb7 $11 {remains equal.}) 19. Nfd2 $1 Nxf2 20. Nc5+ Kc8 21. Rhf1 Ng4 22. Re6 Nd8 23. Re7 g6 24. Rfe1 f5 25. Rg7 Nf6 26. Ree7 Ne8 27. Rxh7 Rg8 28. Nf3 Nc6 29. Ref7 Nd8 $18 30. Rd7 Ra7 31. Ne5 Nf6 32. Rhg7 Nxd7 33. Rxg8 Nxe5 34. dxe5 c6 35. Ne6 Rd7 36. Nxd8 Rxd8 37. Rxg6 Kc7 38. h5 Re8 39. e6 Kd6 40. h6 Rh8 41. g3 Rh7 42. e7+ Kxe7 43. Rxc6 Kf7 44. Kd2 Rh8 45. Ke3 Rg8 46. Kf4 Rd8 47. Kxf5 b4 48. g4 bxc3 49. bxc3 d4 50. Rc7+ Kg8 51. cxd4 Rxd4 52. g5 Rd5+ 53. Kg6 Rd6+ 54. Kh5 Rd5 55. h7+ Kh8 56. Kh6 1-0

[Event "SVK Extraliga 2019-20"]
[Site "Slovakia"]
[Date "2019.11.23"]
[Round "3"]
[White "Markos, Jan"]
[Black "Pechac, Jergus"]
[Result "1-0"]
[ECO "E92"]
[WhiteElo "2571"]
[BlackElo "2482"]
[Annotator "ChessBase"]
[PlyCount "55"]
[EventDate "2019.10.19"]
[EventType "team-tourn"]
[EventCountry "SVK"]
[SourceTitle "playchess.com"]
[Source "ChessBase"]
[SourceQuality "1"]
[WhiteTeam "Snina"]
[BlackTeam "Zilina"]
[TimeControl "40/5400+30:1800+30"]

1. d4 Nf6 2. c4 g6 3. Nc3 Bg7 4. e4 O-O 5. Nf3 d6 6. Be2 e5 7. d5 a5 8. Bg5 Na6 9. O-O h6 10. Bh4 Qe8 11. Nd2 Bd7 12. b3 Nh7 13. a3 h5 14. f3 Bh6 15. Rb1 Be3+ 16. Bf2 Bd4 17. Bxd4 exd4 18. Nb5 Bxb5 19. cxb5 Nc5 20. Nc4 d3 21. Bxd3 Nxd3 22. Qxd3 Qxb5 23. Qd4 b6 24. Rfc1 Qc5 25. Qf2 Ra7 26. Ne3 Qxa3 27. Nc2 Qa2 28. Qd4 1-0

[Event "SVK Extraliga 2019-20"]
[Site "Slovakia"]
[Date "2019.11.23"]
[Round "3"]
[White "Kociscak, Jiri"]
[Black "Mrva, Martin"]
[Result "1-0"]
[ECO "A41"]
[WhiteElo "2510"]
[BlackElo "2402"]
[Annotator "ChessBase"]
[PlyCount "83"]
[EventDate "2019.10.19"]
[EventType "team-tourn"]
[EventCountry "SVK"]
[SourceTitle "playchess.com"]
[Source "ChessBase"]
[SourceQuality "1"]
[WhiteTeam "Zilina"]
[BlackTeam "Snina"]
[TimeControl "40/5400+30:1800+30"]

1. d4 d6 2. c4 Nc6 3. Nc3 e5 4. d5 Nce7 5. e4 h5 6. Nf3 Nh6 7. c5 a6 8. h3 Ng6 9. Qa4+ Bd7 10. c6 bxc6 11. dxc6 Be6 12. Ng5 Be7 13. Nxe6 fxe6 14. Be2 Ng8 15. Bc4 Nf8 16. O-O g5 17. Qd1 Bf6 18. Be2 g4 19. hxg4 hxg4 20. Bxg4 Qe7 21. Bh3 Qg7 22. Qg4 Qxg4 23. Bxg4 Ne7 24. Bd1 Nfg6 25. Be3 Kf7 26. Ne2 Rh7 27. Bb3 Rah8 28. g3 Nxc6 29. Rfc1 Nd4 30. Bxd4 exd4 31. Rxc7+ Be7 32. Kf1 Ne5 33. Ng1 Rh1 34. Ke2 R8h2 35. Rd1 d3+ 36. Ke3 Ng4+ 37. Kf3 Nxf2 38. Rf1 d5 39. exd5 Kf6 40. Rxf2 Rxf2+ 41. Kxf2 exd5 42. Kg2 1-0

[Event "SVK Extraliga 2019-20"]
[Site "Slovakia"]
[Date "2019.11.23"]
[Round "3"]
[White "Druska, Juraj"]
[Black "Mrvova, Alena"]
[Result "1-0"]
[ECO "B38"]
[WhiteElo "2495"]
[BlackElo "2165"]
[Annotator "ChessBase"]
[PlyCount "143"]
[EventDate "2019.10.19"]
[EventType "team-tourn"]
[EventCountry "SVK"]
[SourceTitle "playchess.com"]
[Source "ChessBase"]
[SourceQuality "1"]
[WhiteTeam "Zilina"]
[BlackTeam "Snina"]
[TimeControl "40/5400+30:1800+30"]

1. e4 c5 2. Nf3 Nc6 3. d4 cxd4 4. Nxd4 g6 5. c4 Bg7 6. Be3 Nf6 7. Nc3 Qa5 8. Nb3 Qc7 9. Rc1 O-O 10. Be2 b6 11. O-O Qb8 12. Qd2 Ne5 13. f3 d6 14. Nd4 Re8 15. Rfd1 Bb7 16. Bf1 Nfd7 17. Nd5 e6 18. Nc3 a6 19. Nc2 Bf8 20. Bh6 Be7 21. Bg5 Bf8 22. f4 Ng4 23. Qe2 h5 24. h3 Ngf6 25. Nd4 Qc7 26. Nf3 Nh7 27. Bh4 Rac8 28. Kh1 Nc5 29. b4 Nd7 30. a3 Qb8 31. e5 Qc7 32. Ne4 dxe5 33. fxe5 Bxe4 34. Qxe4 Bh6 35. Rc3 Bg7 36. Re3 Nb8 37. Be2 Nc6 38. Bf1 Ne7 39. Red3 Nf8 40. R3d2 Nf5 41. Rd6 Bh6 42. Bf2 Be3 43. Kg1 Bxf2+ 44. Kxf2 Nxd6 45. exd6 Qd8 46. c5 bxc5 47. Bxa6 cxb4 48. Bxc8 Qxc8 49. axb4 Rd8 50. Ne5 Kg7 51. Kg1 Qa6 52. Nc6 Qb6+ 53. Kh1 Rc8 54. Ne5 Rd8 55. Nc6 Rc8 56. Ne5 Rd8 57. Nc6 Rc8 58. b5 Nd7 59. Qa4 e5 60. Qc4 Rf8 61. Qd5 Re8 62. Rf1 Re6 63. Ra1 Qf2 64. Rd1 Qf6 65. Nb4 Qd8 66. Qc6 Nb8 67. Qc7 Qf8 68. Nc6 Re8 69. d7 Nxd7 70. Qxd7 Re6 71. b6 Qc5 72. b7 1-0

[Event "SVK Extraliga 2019-20"]
[Site "Slovakia"]
[Date "2019.11.23"]
[Round "3"]
[White "Jurcik, Marian"]
[Black "Fiacan, Robert"]
[Result "1-0"]
[ECO "B01"]
[WhiteElo "2482"]
[BlackElo "2254"]
[Annotator "ChessBase"]
[PlyCount "165"]
[EventDate "2019.10.19"]
[EventType "team-tourn"]
[EventCountry "SVK"]
[SourceTitle "playchess.com"]
[Source "ChessBase"]
[SourceQuality "1"]
[WhiteTeam "Zilina"]
[BlackTeam "Snina"]
[TimeControl "40/5400+30:1800+30"]

1. e4 d5 2. exd5 Qxd5 3. Nc3 Qd6 4. d4 Nf6 5. Bc4 a6 6. Nge2 b5 7. Bf4 Qd7 8. Bb3 Bb7 9. d5 c5 10. dxc6 Qxd1+ 11. Rxd1 Nxc6 12. Nd5 Nxd5 13. Bxd5 e6 14. Bf3 Rd8 15. O-O Be7 16. Bc7 Rd7 17. Bb6 Ne5 18. Bxb7 Rxb7 19. Bd4 Bf6 20. Ng3 Rd7 21. Bc5 Be7 22. Bd4 Bf6 23. c3 Nc4 24. Bxf6 gxf6 25. b3 Ne5 26. Ne4 Ke7 27. Nc5 Rc7 28. Nxa6 Rxc3 29. Nb4 Rhc8 30. Rfe1 Rg8 31. Re4 Rd8 32. Rde1 Rd2 33. h3 Nc6 34. R4e2 Rxe2 35. Nxc6+ Rxc6 36. Rxe2 Rc1+ 37. Kh2 f5 38. Re5 Ra1 39. Rxb5 Rxa2 40. f4 Rb2 41. Rb8 Kf6 42. b4 Rb3 43. b5 Kg7 44. b6 Rb4 45. Kg3 Rb3+ 46. Kf2 Rb2+ 47. Kf3 Rb3+ 48. Ke2 Rg3 49. Kf2 Rb3 50. Ke2 Rg3 51. Kd2 Rxg2+ 52. Kc3 Rg1 53. Kc2 Rg2+ 54. Kc3 Rg1 55. Kd4 Kf6 56. Re8 Rb1 57. Kc5 Rc1+ 58. Kd6 Rd1+ 59. Kc7 Rc1+ 60. Kd6 Rd1+ 61. Kc7 Rc1+ 62. Kd7 Rd1+ 63. Kc7 Rc1+ 64. Kd7 Rd1+ 65. Kc8 Rc1+ 66. Kb8 Rf1 67. b7 Rxf4 68. Kc7 Rb4 69. b8=Q Rxb8 70. Rxb8 Ke5 71. Rf8 f6 72. Kd7 f4 73. Re8 f3 74. Rxe6+ Kf4 75. Rxf6+ Kg3 76. Ke6 f2 77. h4 h5 78. Ke5 Kxh4 79. Ke4 Kg3 80. Ke3 h4 81. Rg6+ Kh2 82. Kxf2 h3 83. Rh6 1-0

[Event "SVK Extraliga 2019-20"]
[Site "Slovakia"]
[Date "2019.11.23"]
[Round "3"]
[White "Krak, Tomas"]
[Black "Bernasek, Jan"]
[Result "0-1"]
[ECO "A41"]
[WhiteElo "2317"]
[BlackElo "2478"]
[Annotator "ChessBase"]
[PlyCount "110"]
[EventDate "2019.10.19"]
[EventType "team-tourn"]
[EventCountry "SVK"]
[SourceTitle "playchess.com"]
[Source "ChessBase"]
[SourceQuality "1"]
[WhiteTeam "Snina"]
[BlackTeam "Zilina"]
[TimeControl "40/5400+30:1800+30"]

1. e4 g6 2. d4 Bg7 3. Nf3 d6 4. c4 e5 5. d5 f5 6. Nc3 Nf6 7. exf5 gxf5 8. Be2 O-O 9. h3 Na6 10. Ng5 Qe8 11. f4 e4 12. g4 Nc5 13. Be3 h6 14. Bxc5 dxc5 15. gxf5 Bxf5 16. Ne6 Bxe6 17. dxe6 Qxe6 18. Qb3 Rad8 19. Qxb7 Qd6 20. Nd5 Nxd5 21. Qxd5+ Qxd5 22. cxd5 Bxb2 23. Rb1 Bc3+ 24. Kf2 Rxf4+ 25. Ke3 Rdf8 26. Rhg1+ Kh7 27. Rg4 Bd4+ 28. Kd2 e3+ 29. Kd3 c4+ 30. Kxc4 Bb6+ 31. Kb5 Rxg4 32. hxg4 Rf2 33. Rb2 Kg7 34. a4 Kf6 35. a5 Bd4 36. Rc2 Ke5 37. Kc4 Rf8 38. Kd3 Rb8 39. Bf3 Rb3+ 40. Kc4 Rb1 41. Kd3 Rf1 42. Be2 Ra1 43. Rxc7 Ra3+ 44. Kc2 Ra2+ 45. Kd1 Rd2+ 46. Ke1 Kxd5 47. Kf1 Ke4 48. Rh7 Ra2 49. Re7+ Kf4 50. Rd7 Bc5 51. a6 Kg3 52. Rd5 Ra1+ 53. Rd1 Ra4 54. Kg1 Rxg4 55. Bxg4 e2+ 0-1

[Event "SVK Extraliga 2019-20"]
[Site "Slovakia"]
[Date "2019.11.23"]
[Round "3"]
[White "Straka, Jozef"]
[Black "Harvan, Richard"]
[Result "1/2-1/2"]
[ECO "A45"]
[WhiteElo "2291"]
[BlackElo "2098"]
[Annotator "NA"]
[PlyCount "36"]
[EventDate "2019.10.19"]
[EventType "team-tourn"]
[EventCountry "SVK"]
[SourceTitle "playchess.com"]
[Source "ChessBase"]
[SourceQuality "1"]
[WhiteTeam "Zilina"]
[BlackTeam "Snina"]
[TimeControl "40/5400+30:1800+30"]

1. d4 Nf6 2. Bg5 e6 3. e4 h6 4. Bxf6 Qxf6 5. Nc3 Bb4 6. Nge2 O-O 7. Qd2 d5 8. e5 Qe7 9. a3 Bxc3 10. Qxc3 b6 11. Ng3 c5 12. dxc5 Qxc5 13. Qxc5 bxc5 14. O-O-O Ba6 15. Bxa6 Nxa6 16. c4 Nc7 17. cxd5 exd5 18. f4 f6 1/2-1/2

[Event "SVK Extraliga 2019-20"]
[Site "Slovakia"]
[Date "2019.11.23"]
[Round "3"]
[White "Sepesi, Samuel"]
[Black "Petrik, Tomas"]
[Result "0-1"]
[ECO "C07"]
[WhiteElo "2174"]
[BlackElo "2462"]
[Annotator "ChessBase"]
[PlyCount "128"]
[EventDate "2019.10.19"]
[EventType "team-tourn"]
[EventCountry "SVK"]
[SourceTitle "playchess.com"]
[Source "ChessBase"]
[SourceQuality "1"]
[WhiteTeam "Snina"]
[BlackTeam "Zilina"]
[TimeControl "40/5400+30:1800+30"]

1. e4 e6 2. d4 d5 3. Nd2 c5 4. exd5 Qxd5 5. dxc5 Nf6 6. Ngf3 Qxc5 7. Bd3 Be7 8. O-O O-O 9. Qe2 Nbd7 10. c4 b6 11. Ne4 Qc7 12. b3 Bb7 13. Bb2 Qf4 14. Nxf6+ Bxf6 15. Bxf6 Nxf6 16. Qe5 Qxe5 17. Nxe5 Rfd8 18. Rfd1 Ne4 19. Rac1 f6 20. Nf3 e5 21. b4 Kf8 22. Ne1 g6 23. c5 bxc5 24. f3 Ng5 25. bxc5 Rac8 26. Bb5 Rxd1 27. Rxd1 Ne6 28. Nd3 Nd4 29. Bc4 Ke7 30. Kf2 Ne6 31. Rb1 Ba8 32. Rb5 Nd4 33. Ra5 Nc6 34. Ra4 Rc7 35. Bd5 Rd7 36. Nb4 Nxb4 37. Bxa8 Nd3+ 38. Ke3 Nxc5 39. Ra5 Ne6 40. Bc6 Rc7 41. Ba4 Nc5 42. Bb5 Kd6 43. Bc4 Rb7 44. f4 exf4+ 45. Kd4 Rc7 46. h4 f5 47. h5 g5 48. h6 g4 49. Bd5 a6 50. Ba8 Ne6+ 51. Kd3 Nc5+ 52. Kd4 Ne6+ 53. Kd3 Rf7 54. Rxa6+ Ke5 55. Ra5+ Kf6 56. Bd5 Rd7 57. Kc4 Rc7+ 58. Kd3 Rd7 59. Kc4 Rd6 60. Ra7 f3 61. gxf3 Nf4 62. Ba8 g3 63. Rxh7 g2 64. Rg7 Ng6 {[%emt 0:00:33] Kd4 Ke5+} 0-1

[Event "SVK Extraliga 2019-20"]
[Site "Slovakia"]
[Date "2019.11.23"]
[Round "3"]
[White "Pcola st., Jaroslav"]
[Black "Jurcik, Martin"]
[Result "1/2-1/2"]
[ECO "B06"]
[WhiteElo "2057"]
[BlackElo "2358"]
[Annotator "NA"]
[PlyCount "86"]
[EventDate "2019.10.19"]
[EventType "team-tourn"]
[EventCountry "SVK"]
[SourceTitle "playchess.com"]
[Source "ChessBase"]
[SourceQuality "1"]
[WhiteTeam "Snina"]
[BlackTeam "Zilina"]
[TimeControl "40/5400+30:1800+30"]

1. e4 g6 2. Nf3 Bg7 3. d4 d6 4. Nc3 a6 5. a4 b6 6. Bd3 Bb7 7. O-O e6 8. Ne2 Nd7 9. c3 Ne7 10. Re1 O-O 11. Bd2 e5 12. Ng3 exd4 13. cxd4 d5 14. Bc3 dxe4 15. Bxe4 Nd5 16. Ne5 Nxc3 17. bxc3 Bxe4 18. Nxd7 Qxd7 19. Nxe4 a5 20. Qb3 Rfe8 21. Nd2 Bf8 22. Nf3 Bd6 23. Qc4 Kg7 24. Rad1 Rxe1+ 25. Rxe1 Re8 26. Rxe8 Qxe8 27. g3 h6 28. Nd2 Qe1+ 29. Nf1 h5 30. h4 Qe4 31. Nd2 Qe1+ 32. Nf1 Qe8 33. Kg2 Qe4+ 34. Kg1 Kf8 35. Nd2 Qe1+ 36. Nf1 Qe8 37. Kg2 Qe4+ 38. Kg1 Kg8 39. Nd2 Qe1+ 40. Nf1 Kf8 41. Kg2 Qe4+ 42. Kg1 Kg7 43. Nd2 Qe1+ 1/2-1/2

[Event "SVK Extraliga 2019-20"]
[Site "Slovakia"]
[Date "2019.11.23"]
[Round "3.1"]
[White "Ftacnik, Lubomir"]
[Black "Matuszewski, Michal"]
[Result "1-0"]
[ECO "D15"]
[WhiteElo "2521"]
[BlackElo "2524"]
[Annotator "ChessBase"]
[PlyCount "59"]
[EventDate "2019.10.19"]
[EventType "team-tourn"]
[EventCountry "SVK"]
[SourceTitle "playchess.com"]
[Source "ChessBase"]
[SourceQuality "1"]
[WhiteTeam "Slovan"]
[BlackTeam "Prakovce"]
[TimeControl "40/5400+30:1800+30"]

1. Nf3 d5 2. d4 Nf6 3. c4 c6 4. Nc3 a6 5. e3 b5 6. b3 Bg4 7. h3 Bh5 8. g4 Bg6 9. Ne5 e6 10. Bd2 Qc7 11. cxd5 cxd5 12. Rc1 Qb7 13. h4 Bd6 14. h5 Be4 15. f3 Nbd7 16. Nxd7 Bg3+ 17. Ke2 Qxd7 18. Be1 Bxe1 19. Qxe1 e5 20. Bh3 exd4 21. g5 Bf5 22. Bxf5 Qxf5 23. gxf6 Kd7 24. e4 Rhe8 25. Kf2 dxe4 26. Nxe4 g5 27. Nc5+ Kc6 28. Qd2 Re3 29. Ne6+ Kb7 30. Nxd4 1-0

[Event "SVK Extraliga 2019-20"]
[Site "Slovakia"]
[Date "2019.11.23"]
[Round "3.1"]
[White "Gazik, Viktor"]
[Black "Balogh, Csaba"]
[Result "0-1"]
[ECO "C67"]
[WhiteElo "2508"]
[BlackElo "2591"]
[Annotator "ChessBase"]
[PlyCount "70"]
[EventDate "2019.10.19"]
[EventType "team-tourn"]
[EventCountry "SVK"]
[SourceTitle "playchess.com"]
[Source "ChessBase"]
[SourceQuality "1"]
[WhiteTeam "Podhajska"]
[BlackTeam "Modra"]
[TimeControl "40/5400+30:1800+30"]

1. e4 e5 2. Nf3 Nc6 3. Bb5 Nf6 4. O-O Nxe4 5. Re1 Nd6 6. Nxe5 Be7 7. Bd3 Nxe5 8. Rxe5 O-O 9. Nc3 c6 10. b3 Ne8 11. Bb2 d5 12. Qh5 Nf6 13. Qh4 Be6 14. Rg5 g6 15. Qh6 Re8 16. f4 Bc5+ 17. Kf1 Bf8 18. Qh4 Bg7 19. Qg3 Ne4 20. Bxe4 dxe4 21. f5 h6 22. Rh5 Bd7 23. Kg1 Be5 24. Qg4 Kh7 25. Nxe4 gxh5 26. Qxh5 Bxb2 27. Qxf7+ Kh8 28. f6 Rg8 29. Qh5 Qf8 30. Rf1 Bg4 31. Qh4 Bd4+ 32. Kh1 Rg6 33. c3 Re8 34. d3 Rxe4 35. dxe4 Rxf6 0-1